 Dungeon Crawl Stone Soup version 0.29-a0-72-g1732ff48e7 (webtiles) character file.

Game seed: 13273866297795423640

35 diecastcamel the Chopper (level 3, 0/27 (33) HPs)
             Began as a Minotaur Berserker on Feb 3, 2022.
             Was a Follower of Trog.
             Slain by Terence (10 damage)
             ... on level 2 of the Dungeon.
             The game lasted 00:05:29 (1225 turns).

diecastcamel the Chopper (Minotaur Berserker)       Turns: 1225, Time: 00:05:29

HP:   0/27 (33)     AC:  2    Str: 23    XL:     3   Next: 17%
MP:   2/2           EV: 12    Int:  4    God:    Trog [*.....]
Gold: 56            SH:  5    Dex:  9    Spells: 2/2 levels left

rFire   . . .      SeeInvis .   a - +0 hand axe
rCold   . . .      Faith    .   (no shield)
rNeg    . . .      Spirit   .   b - +0 animal skin
rPois   .          Reflect  +   (helmet restricted)
rElec   .          Harm     .   (no cloak)
rCorr   .          Rampage  .   (no gloves)
Will    .....                   (no boots)
Stlth   +.........              c - amulet of reflection
HPRegen 0.09/turn               (no ring)
MPRegen 0.08/turn               (no ring)

@: on berserk cooldown, slowed, heavily drained, very slow
A: horns 2, retaliatory headbutt
a: Renounce Religion, Berserk


You were on level 2 of the Dungeon.
You worshipped Trog.
Trog was aware of your devotion.
You visited 1 branch of the dungeon, and saw 2 of its levels.

You collected 56 gold pieces.

Inventory:

Hand Weapons
 a - a +0 hand axe (weapon)
Missiles
 k - 10 stones (quivered)
Armour
 b - a +0 animal skin (worn)
Jewellery
 c - an amulet of reflection (around neck)
Scrolls
 f - a scroll of silence {unknown}
 i - a scroll of acquirement {unknown}
Potions
 d - a potion of invisibility
 e - a potion of berserk rage
 g - a potion of magic {unknown}
 h - a potion of haste {unknown}
 j - 2 potions of curing {unknown}


   Skills:
 + Level 4.0 Fighting
 * Level 4.3 Axes
 + Level 3.0 Armour
 + Level 2.6 Dodging


You had 2 spell levels left.
You didn't know any spells.
Your spell library was empty.

Dungeon Overview and Level Annotations

Branches:
Dungeon (2/15)

Altars:

Annotations:
D:2 Terence


Innate Abilities, Weirdness & Mutations

You have a pair of horns on your head.
You reflexively headbutt those who attack you in melee.


Message History

You feel drained.
You barely miss Terence.
Terence is moderately wounded.
You slash Terence! Your headbutt misses Terence.
Terence is severely wounded.
You block Terence's attack.
You hit Terence. Your headbutt misses Terence. Your punch misses Terence.
Terence is almost dead.
Terence hits you with a +1 mace of draining.
You feel drained.
You closely miss Terence. Your headbutt misses Terence.
Terence is almost dead.
Terence hits you with a +1 mace of draining.
You feel drained.
You hit Terence.
Terence is almost dead.
You are no longer berserk.
You are exhausted.
You feel yourself slow down.
You hit Terence but do no damage.
Terence is almost dead.
Terence hits you with a +1 mace of draining!
You feel drained. Terence barely misses you.
You are too injured to fight recklessly!
You hit Terence but do no damage.
Terence is almost dead.
Terence misses you.
Terence hits you with a +1 mace of draining.
You feel drained.
You closely miss Terence.
Terence is almost dead.
Terence closely misses you.
You hit Terence but do no damage. Your headbutt misses Terence.
Terence is almost dead.
Terence closely misses you. You furiously retaliate!
You headbutt Terence, but do no damage. Terence misses you.
You hit Terence but do no damage.
Terence is almost dead.
Terence hits you with a +1 mace of draining!
You die...

.
.......##..............####.
.##.....##..............## .
#..##..........####....#
#...#......##..####@...###.
#......##..##.......... .
.........##..##.......... ##
##..........@........###. .#
#.>.....@#..........# .#
##.###.#@#..........# .# #.
...#.#..........# .# .. ....
#.############ ##.... #....
... .#..... .... ...##
....... ......... .#....
##.### ...... .. ...#. ...


You could see Terence.

Vanquished Creatures
  A ball python (D:1)
  3 bats
  6 endoplasms
  A giant cockroach (D:1)
  3 goblins
  3 hobgoblins (D:1)
  4 jackals (D:1)
  2 kobolds (D:1)
  2 quokkas (D:1)
  A frilled lizard (D:1)
  3 rats (D:2)
29 creatures vanquished.

Notes
Turn   | Place    | Note
-------+----------+-------------------------------------------
     0 | D:1      | diecastcamel the Minotaur Berserker began the quest for the
                  | Orb.
     0 | D:1      | Reached XP level 1. HP: 19/19 MP: 0/0
   111 | D:1      | Reached XP level 2. HP: 18/27 MP: 1/1
  1046 | D:2      | Reached XP level 3. HP: 33/33 MP: 2/2
  1191 | D:2      | Noticed Terence
  1225 | D:2      | Slain by Terence

Illustrated notes

Levels and vault maps discovered:
D:1:      lightli_arrival_farm, layout_basic
D:2:      layout_basic, chequers_arboretum, uniq_crazy_yiuf_cottage,
          uniq_terence, uniq_natasha

Skill      XL: |  1  2  3 |
---------------+----------+-----
Axes           | 4 |  4.3
Fighting       | 4 |  4.0
Armour         | 3 |  3.0
Dodging        | |  2.6

Action                   || total
-------------------------++-------
Melee: Hand axe          ||    69
       Headbutt          ||    10
Invok: Berserk           ||     1
  Use: Scroll            ||     3
Armor: Animal skin       ||     4
Dodge: Dodged            ||    34
Block: Other             ||    14

Table legend: (Time is in decaauts)
 A = Elapsed time spent in this place.
 B = Non-inter-level travel time spent in this place.
 C = Inter-level travel time spent in this place.
 D = Time resting spent in this place.
 E = Time spent auto-exploring this place.
 F = Levels seen in this place.
 G = Mean time per level.
                   A        B        C        D        E       F      G
               +--------+--------+--------+--------+--------+-----+--------+
         Total |   1253 |   1181 |     72 |    222 |    718 |   2 |  626.5 |
       Dungeon |   1253 |   1181 |     72 |    222 |    718 |   2 |  626.5 |
               +--------+--------+--------+--------+--------+-----+--------+

Top non-repeatable levels by time:
     D:1: 986 daAuts
     D:2: 267 daAuts
